 Dungeon Crawl Stone Soup version 0.20.1-1-g8b1a95d (webtiles) character file.

363 Gargoyl the Skirmisher (level 6, -13/56 HPs)
             Began as a Minotaur Abyssal Knight on July 14, 2017.
             Was a Believer of Lugonu.
             Mangled by an ogre
             ... wielding a +0 giant club
              (25 damage)
             ... on level 4 of the Dungeon.
             The game lasted 00:04:58 (3283 turns).

Gargoyl the Skirmisher (Minotaur Abyssal Knight)    Turns: 3283, Time: 00:04:59

Health: -13/56     AC:  6    Str: 17    XL:     6   Next: 39%
Magic:  7/7        EV: 11    Int:  9    God:    Lugonu [**....]
Gold:   227        SH:  0    Dex: 11    Spells: 5/5 levels left

rFire    . . .     SeeInvis .   k - +0 war axe
rCold    . . .     Gourm    .   (no shield)
rNeg     . . .     Faith    .   l - +0 ring mail
rPois    .         Spirit   .   (helmet restricted)
rElec    .         Reflect  .   (no cloak)
rCorr    .         Harm     .   (no gloves)
MR       .....                  (no boots)
Stlth    +.........             (no amulet)
Regen    0.2/turn               (no ring)
MPRegen  0.1/turn               (no ring)

@: invisible
A: retaliatory headbutt, horns 2
a: Depart the Abyss, Bend Space, Renounce Religion


You were on level 4 of the Dungeon.
You worshipped Lugonu.
Lugonu was pleased with you.
You were not hungry.

You visited 1 branch of the dungeon, and saw 4 of its levels.
You visited the Abyss 1 time.

You collected 227 gold pieces.

Inventory:

Hand Weapons
 a - a +1 hand axe
 k - a +0 war axe (weapon)
Armour
 l - a +0 ring mail (worn)
Scrolls
 g - 2 scrolls of identify
 h - 2 scrolls of remove curse
 m - a scroll of enchant armour
Potions
 e - a potion of degeneration {unknown}
 f - a potion of curing {unknown}
Comestibles
 c - a bread ration
 d - 2 meat rations
 i - 2 chunks of flesh


   Skills:
 + Level 5.0 Fighting
 + Level 4.5 Axes
 * Level 4.4 Armour
 + Level 2.9 Dodging
 * Level 3.1 Invocations


You had 5 spell levels left.
You didn't know any spells.

Dungeon Overview and Level Annotations

Branches:
Dungeon (4/15)
 Temple: D:4-7

Altars:
Ashenzari
Elyvilon


Innate Abilities, Weirdness & Mutations

You reflexively headbutt those who attack you in melee.
You have a pair of horns on your head.


Message History

This raw flesh tastes terrible.
An ogre comes into view. It is wielding a giant club.
Firing (i - inventory): No suitable missiles.
Press: ? - help, Shift-Dir - straight line, f - ogre
Aim: an ogre, wielding a giant club
Okay, then.
Your ring mail prevents you from hitting the ogre.
You hear the slow hiss of a very distant avalanche of sand.
The ogre hits you with a giant club!!
You hit the ogre.
The ogre is lightly wounded.
The ogre barely misses you. You furiously retaliate!
You headbutt the ogre. You slash the ogre!
The ogre is heavily wounded.
The ogre hits you with a giant club!!
* * * LOW HITPOINT WARNING * * *
It was a potion of invisibility.
You fade into invisibility!
The ogre hits you with a giant club!!
You die...

##.# ### # .#.#
#.. .# .#.#
#.###.### ...#
#.#..... .#.#
#.#.#.# .#<#
#########.....#
.#.###...........#
.......#########.#
.#..............@#
.###############O#
.# #...§.# #.# .#
#...§§###.#
.#######...§§§§..#
...........§§###.#
....####...§§ #.#
.##.# ###.## #..
....# .....


You could see an ogre.

Vanquished Creatures
  A howler monkey (D:4)
  A quasit (Abyss:1)
  2 hounds (D:3)
  A bullfrog skeleton (D:3)
  An orc priest (D:3)
  Jessica (D:3)
  An orc wizard (D:3)
  Robin (D:3)
  4 adders (D:2)
  A dart slug (D:3)
  7 orcs (D:3)
  3 bats
  4 giant cockroaches
  13 goblins
  10 hobgoblins
  9 jackals (D:3)
  2 quokkas (D:2)
  2 ball pythons
  A frilled lizard (D:2)
  4 kobolds
  3 rats
72 creatures vanquished.

Vanquished Creatures (others)
  A quokka (D:2)
1 creature vanquished.

Grand Total: 73 creatures vanquished

Notes
Turn   | Place    | Note
-------+----------+-------------------------------------------
     0 | Abyss:1  | Gargoyl the Minotaur Abyssal Knight began the quest for the Orb.
     0 | Abyss:1  | Reached XP level 1. HP: 19/19 MP: 1/1
    56 | Abyss:1  | Noticed a quasit
    83 | Abyss:1  | Killed a quasit
    83 | Abyss:1  | Reached skill level 4 in Fighting
    83 | Abyss:1  | Reached XP level 2. HP: 4/28 MP: 2/2
    83 | Abyss:1  | Reached XP level 3. HP: 5/34 MP: 3/3
    97 | Abyss:1  | Noticed a worldbinder
    98 | Abyss:1  | Noticed a deep elf archer
    98 | D:1      | Escaped the Abyss
  1714 | D:2      | Reached XP level 4. HP: 29/41 MP: 4/4
  1905 | D:2      | Found a white marble altar of Elyvilon.
  2261 | D:2      | You fall through a shaft!
  2261 | D:3      | Noticed Jessica
  2261 | D:3      | Noticed Robin
  2273 | D:3      | Reached * piety under Lugonu
  2281 | D:3      | Killed Robin
  2294 | D:3      | Killed Jessica
  2294 | D:3      | Reached XP level 5. HP: 47/47 MP: 5/5
  2439 | D:3      | Reached skill level 5 in Fighting
  2759 | D:3      | Found a shattered altar of Ashenzari.
  2855 | D:3      | Reached XP level 6. HP: 40/56 MP: 7/7
  3090 | D:3      | Reached ** piety under Lugonu
  3283 | D:4      | Mangled by an ogre

Skill      XL: |  1  2  3  4  5 |
---------------+----------------+-----
Fighting       | 4 5 |  5.0
Invocations    | 2 3 |  3.1
Armour         | 3 4 |  4.4
Axes           | 3 4 |  4.5
Dodging        | 2 |  2.9

Action                   |  1- 3 |  4- 6 || total
-------------------------+-------+-------++-------
Melee: Hand axe          |    72 |    56 ||   128
       Headbutt          |     7 |    13 ||    20
       War axe           |       |    48 ||    48
Invok: Depart the Abyss  |     1 |       ||     1
  Use: Scroll            |     6 |     3 ||     9
       Potion            |     1 |     2 ||     3
 Stab: Distracted        |     1 |       ||     1
  Eat: Chunk             |     1 |     7 ||     8
Armor: Leather armour    |    36 |    20 ||    56
       Skin              |       |    25 ||    25
       Ring mail         |       |    13 ||    13
Dodge: Dodged            |    78 |    82 ||   160
